AoeStats
← Kiritastrich

Arabia

503122552Analyzed
1v1 RM · 1mo ago on Aug 30, 2026· 38m 58s· 2 players
Game mode
Random Map
Map size
Tiny (2 player)
Population
200
Speed
Normal
Resources
Standard
Victory
Conquest
Starting age
Dark Age
Ending age
Imperial Age
RankedLock teamsTeams togetherTeam positionsShared explorationLock speedFull tech treeHidden civsTurbo modeCheats
Victory
Defeat
🇷🇺 Ethiopians · Russia
1866
+16
🇨🇳 Vikings · China
1867
-16
Kiritastrich
6:29 Loom
10:34 Feudal Age
11:12 Man-at-Arms
15:41 Fletching
21:30 Castle Age
20:16 Double-Bit Axe
20:36 Horse Collar
21:34 Crossbowman
22:10 Bodkin Arrow
26:30 Ballistics
28:18 Thumb Ring
30:32 Town Watch
34:05 Imperial Age
32:49 Wheelbarrow
35:07 Bracer
36:11 Chemistry
34:43 Capped Ram
fydcq
10:07 Feudal Age
11:47 Double-Bit Axe
13:56 Loom
14:19 Loom
15:53 Horse Collar
16:04 Gold Mining
18:44 Castle Age
17:16 Fletching
18:22 Padded Archer Armor
19:21 Bodkin Arrow
20:05 Crossbowman
23:28 Leather Archer Armor
23:26 Bow Saw
27:28 Elite Skirmisher
29:02 Leather Archer Armor
31:41 Ballistics
39:08 Imperial Age
37:20 Masonry
Connection lost

Rejoining the realm…

Still unreachable

The connection could not be restored.

Session expired

The server has moved on; the page needs a fresh start.